 Dungeon Crawl Stone Soup version 0.19-a0-526-gbe2e51c (webtiles) character file.

93577 shklvsk the Transmogrifier (level 16, -12/119 HPs)
             Began as a Merfolk Skald on June 5, 2016.
             Was the Champion of Hepliaklqana.
             Mangled by an ice devil (17 damage)
             ... summoned by an orc high priest
             ... on level 2 of the Orcish Mines on June 7, 2016.
             The game lasted 01:52:46 (36292 turns).

shklvsk the Transmogrifier (Merfolk Skald)         Turns: 36292, Time: 01:52:47

Health: -12/119    AC: 13    Str: 16    XL:     16   Next: 9%
Magic:  21/23      EV: 15    Int: 13    God:    Hepliaklqana [******]
Gold:   1862       SH:  0    Dex: 18    Spells: 7 memorised, 9 levels left

rFire  + . .     SeeInvis +     z - +0 battleaxe (vamp) {!w}
rCold  . . .     Gourm    .     G - +3 fire dragon armour {rF++, rC-}
rNeg   . . .     Faith    .     (shield currently unavailable)
rPois  .         Spirit   .     Y - +1 helmet {SInv}
rElec  .         Dismiss  .     y - +2 cloak {+Inv}
rCorr  .         Reflect  .     p - +0 pair of gloves {Dex+3}
SustAt .         Harm     .     L - +0 pair of boots
MR     +....                    r - amulet of magic regeneration
Stlth  +.........               h - ring of wizardry {Wiz+, !d}
                                c - ring of ice {rC+, rF-}

@: corroded, contaminated, starving, glowing, studying Transmutations, drained,
invisible (but backlit and visible), somewhat resistant to hostile enchantments,
very unstealthy
A: change form in water, swift swim
a: Recall Ancestor, Ancestor Identity, Transference, Idealise, Renounce
Religion, Turn Visible


You were on level 2 of the Orcish Mines.
You worshipped Hepliaklqana.
Hepliaklqana was exalted by your worship.
You were starving.

You visited 4 branches of the dungeon, and saw 24 of its levels.
You also visited: Volcano.

You collected 2867 gold pieces.
You spent 1005 gold pieces at shops.

Inventory:

Hand Weapons
 a - the +3 rapier of the End of Times {pain, rF+}
   (You found it on level 11 of the Dungeon)

   In the hands of one skilled in necromantic magic, it inflicts extra damage on
   living creatures.
   It protects you from fire.
 z - a +0 vampiric battleaxe (weapon) {!w}
   (You took it off an orc warrior on level 1 of the Orcish Mines)
 O - a +2 battleaxe of electrocution
   (You took it off Harold on level 4 of the Lair of Beasts)
 Z - a +0 glaive
   (You took it off a naga on level 3 of the Lair of Beasts)
Missiles
 e - 514 stones (quivered)
 P - 2 throwing nets {=f, !d}
Armour
 k - a +2 hat of fire resistance
   (You found it in a volcano)
 p - a +0 pair of gloves of dexterity (worn)
   (You bought it in a shop on level 1 of the Orcish Mines)
 w - a +1 ice dragon armour {rC++, rF-}
   (You found it on level 4 of the Dungeon)
 y - a +2 cloak of invisibility (worn)
   (You bought it in a shop on level 1 of the Orcish Mines)
 G - a +3 fire dragon armour (worn) {rF++, rC-}
   (You found it in a volcano)
 L - a +0 pair of boots (worn)
   (You found it on level 8 of the Lair of Beasts)
 V - the +3 cloak "Guudoan" {MR++ Int-5 Dex+5}
   (You bought it in a shop on level 1 of the Orcish Mines)

   It affects your intelligence (-5).
   It affects your dexterity (+5).
   It affects your resistance to hostile enchantments.
 Y - a +1 helmet of see invisible (worn)
   (You bought it in a shop on level 1 of the Orcish Mines)
Jewellery
 c - a ring of ice (left hand) {rC+, rF-}
   (You found it on level 2 of the Lair of Beasts)
 h - a ring of wizardry (right hand) {Wiz+, !d}
   (You found it on level 1 of the Dungeon)
 n - an uncursed amulet of rage {+Rage, !d}
   (You found it on level 2 of the Dungeon)
 r - an amulet of magic regeneration (around neck)
   (You found it on level 8 of the Lair of Beasts)
 B - an uncursed ring of flight {+Fly, !d}
   (You found it on level 5 of the Dungeon)
 I - an uncursed ring of fire {rF+, rC-}
   (You found it on level 7 of the Dungeon)
 S - an uncursed ring of positive energy {rN+}
   (You found it on level 12 of the Dungeon)
 W - an uncursed ring of positive energy {rN+}
   (You found it on level 8 of the Lair of Beasts)
Wands
 i - a wand of confusion (25/48)
   (You found it on level 8 of the Dungeon)
 q - a wand of digging (11/24)
   (You took it off an orc wizard on level 6 of the Dungeon)
 s - a wand of disintegration (1/24)
   (You took it off an orc on level 13 of the Dungeon)
 K - a wand of paralysis (17/24)
   (You found it on level 7 of the Dungeon)
 R - a wand of iceblast (6/15)
   (You took it off Harold on level 4 of the Lair of Beasts)
 T - a wand of lightning (4/15)
   (You found it on level 8 of the Lair of Beasts)
Scrolls
 f - 13 scrolls of remove curse
 g - 2 scrolls of fog
 F - a scroll of recharging
 M - 2 scrolls of teleportation
 Q - 2 scrolls of identify
Potions
 b - 4 potions of agility
 j - 8 potions of curing
 m - 2 potions of cure mutation {!q}
 o - 2 potions of magic
 t - 3 potions of flight
 v - 3 potions of lignification {!q}
 x - 2 potions of berserk rage {!q}
 E - 4 potions of brilliance
 H - a potion of cancellation
Books
 l - a manual of Transmutations {!d}
   (You found it on level 1 of the Lair of Beasts)
 C - a book of Necromancy
   (You found it on level 8 of the Lair of Beasts)
Miscellaneous
 A - a box of beasts
 J - a phial of floods
   (You found it on level 2 of the Lair of Beasts)
Comestibles
 d - 13 bread rations {@e1}
 u - 13 meat rations {@e2}
 D - 16 fruits
 X - 2 slices of pizza


   Skills:
 + Level 8.9(8.2) Fighting
 - Level 0.5(0.0) Short Blades
 * Level 9.1(9.3) Axes
 - Level 12.1(14.0) Polearms
 + Level 8.0(7.2) Armour
 + Level 9.7(8.9) Dodging
 + Level 10.3(9.5) Stealth
 - Level 4.7(4.0) Spellcasting
 - Level 3.6(2.9) Hexes
 - Level 8.5(7.8) Charms
 - Level 4.2(3.5) Necromancy
 - Level 1.0(0.4) Translocations
 * Level 13.6(12.7) Transmutations
 - Level 4.0(3.3) Air Magic
 * Level 8.3(7.5) Invocations
 - Level 5.0(4.3) Evocations


You had 9 spell levels left.
You knew the following spells:

 Your Spells              Type           Power        Failure   Level  Hunger
a - Infusion              Chrm           ###.         1%          1    None
b - Swiftness             Chrm/Air       ###.....     6%          2    ##.....
d - Repel Missiles        Chrm/Air       ###...       6%          2    ##.....
r - Regeneration          Chrm/Necr      ###.......   10%         3    ###....
s - Shroud of Golubria    Chrm/Tloc      ##........   10%         2    ##.....
z - Spectral Weapon       Hex/Chrm       ###.....     12%         3    ###....
S - Song of Slaying       Chrm           ###.....     2%          2    ##.....


Dungeon Overview and Level Annotations

Branches:
Dungeon (13/15)            Temple (1/1) D:7            Lair (8/8) D:8
  Swamp (0/4) Lair:6        Snake (0/4) Lair:3        Slime (0/6) Lair:8
    Orc (2/2) D:11
    Elf: Orc:2       Vaults: D:13-14

Altars:
Ashenzari
Cheibriados
Dithmenos
Elyvilon
Fedhas
Gozag
Hepliaklqana
Kikubaaqudgha
Makhleb
Nemelex Xobeh
Okawaru
Pakellas
Qazlal
Ru
Sif Muna
Trog
Uskayaw
Vehumet
Xom
Yredelemnul
Zin
The Shining One
Jiyva

Shops:
D:4 (   Orc:1 [   Orc:2 }

Annotations:
D:5 Eustachio
D:8 2 runed doors
D:12 exclusions: downstairs and hill giant
D:13 exclusion: Nessos, Nessos, Sonja


Message History

You strike the helpless rust devil from behind!
You hit the rust devil but do no damage.
You hit the soul eater but do no damage.
The soul eater hits you!
The orc high priest mumbles some strange prayers to Beogh.
The orc sorcerer shouts, "Entram moth deg ulag!"
The orc warrior barely misses you. The rust devil barely misses you.
An orc comes into view. It is wielding a club.
You take 10 damage, and have 106/119 hp.
The orc shouts!
You hit the orc high priest.
You feel better.
You hit the orc warrior.
You feel better.
You closely miss the rust devil.
You hit the soul eater but do no damage.
You flicker for a moment.
The rust devil disappears in a puff of smoke!
The soul eater hits you but does no damage.
The orc high priest completely misses you.
The orc warrior closely misses you. The soul eater hits you!
You feel drained.
You take 8 damage, and have 98/119 hp.
You slash the orc high priest!
You feel better.
You catch the helpless ice devil completely off-guard!
You hit the ice devil but do no damage. You hit the orc warrior.
You closely miss the soul eater.
The ice devil hits you but does no damage.
The orc high priest hits you with a dire flail.
The red devil hits you but does no damage.
You are electrocuted!
The soul eater closely misses you. The ice devil misses you.
You take 7 damage, and have 91/119 hp.
The rust devil screeches!
You hit the orc high priest but do no damage.
You barely miss the ice devil. You slash the orc sorcerer!
You feel better.
You closely miss the soul eater.
The orc high priest hits you but does no damage.
The soul eater closely misses you. The red devil closely misses you.
The ice devil misses you.
The orc sorcerer hits you but does no damage.
The orc high priest prays.
You regained 6 hp, and now have 97/119 hp.
You closely miss the orc high priest.
You hit the soul eater but do no damage.
You hit the orc warrior but do no damage.
You hit the orc sorcerer but do no damage.
You hit the ice devil.
The orc high priest hits you with a dire flail.
The orc warrior misses you. The orange demon barely misses you.
The soul eater hits you but does no damage.
The ice devil closely misses you.
The red devil hits you from afar with a demon trident of electrocution!
The orc sorcerer hits you but does no damage.
The orc high priest completely misses you.
You take 18 damage, and have 79/119 hp.
You barely miss the orc high priest. You barely miss the ice devil.
You hit the orc sorcerer but do no damage.
You closely miss the orc warrior. You barely miss the soul eater.
The orc warrior hits you with a dire flail.
The orange demon stings you but does no damage.
The soul eater hits you! The ice devil hits you! The ice devil freezes you!!
* * * LOW HITPOINT WARNING * * *
The orc high priest prays to Beogh.
The orc sorcerer hits you but does no damage.
The red devil closely misses you.
The orc high priest hits you but does no damage.
The orange demon misses you.
You take 44 damage, and have 35/119 hp.
MASSIVE DAMAGE!!
You feel better.
You flicker back into view.
The soul eater hits you!
You feel drained.
* * * LOW HITPOINT WARNING * * *
The orc warrior hits you with a dire flail.
* * * LOW HITPOINT WARNING * * *
The ice devil barely misses you.
The orc sorcerer howls an incantation.
The orc sorcerer's fingertips start to glow.
The red devil hits you but does no damage.
You are electrocuted!
* * * LOW HITPOINT WARNING * * *
The orc high priest hits you but does no damage.
The orange demon stings you but does no damage.
You take 12 damage, and have 23/119 hp.
Okay, then.
Here: an ice devil (lightly wounded, summoned)
The floor.
Okay, then.
Here: a red devil, wielding a demon trident of electrocution (summoned)
The floor.
Okay, then.
You fade into invisibility!
You are contaminated with residual magic.
You are starving!
The soul eater hits you!
* * * LOW HITPOINT WARNING * * *
The orc sorcerer hits you but does no damage.
The ice devil hits you.
* * * LOW HITPOINT WARNING * * *
The ice devil freezes you!
You die...

..###.......#.##...........
........##.................
.......#.......♣..#........
....#..............#.......
...#..........♣∩♣..........
..###...)..........).......
### ##.........♣4..........
# #..........oo4.........
##.........#@o.........
#.......#.)3#oo.######. #
##.....###.##44## ####
###....#####.## .#.##
###.## #4# ....# ### #o#
##.## #4# #### #.# # #.#


You could see a soul eater, 3 orc high priests, 2 orange demons, 2 ice devils, a
rust devil, an orc sorcerer, a red devil, an orc warrior and an orc.

Vanquished Creatures
  The ghost of casual the Carver, a journeyman DsFi of Hepliaklqana (Lair:6)
  An ettin (Orc:2)
  Josephine (Lair:4)
  A fire dragon (Volcano)
  Harold (Lair:4)
  3 catoblepae (Lair:8)
  6 hydras
  A centaur warrior (D:8)
  13 death yaks
  A lindwurm (Lair:7)
  A phantasmal warrior (D:12)
  A necromancer (Lair:3)
  An orc knight (Orc:2)
  3 griffons
  A salamander (Volcano)
  2 orc sorcerers (Orc:2)
  3 elephants
  2 gargoyles
  7 black mambas
  8 spiny frogs
  10 komodo dragons
  4 rime drakes
  2 trolls
  A polar bear (Lair:7)
  A giant leech (Lair:6)
  2 two-headed ogres
  2 blink frogs (Lair:1)
  2 slime creatures (D:13)
  9 wyverns
  40 yaks
  4 wraiths
  2 fire bats (Volcano)
  A basilisk (Lair:5)
  7 hippogriffs
  2 steam dragons
  A warg (Orc:2)
  2 nagas (Lair:3)
  3 hungry ghosts
  A mottled dragon (Lair:7)
  15 water moccasins
  2 hell hounds (Lair:7)
  9 porcupines
  A sky beast (D:6)
  A phantom (D:13)
  17 orc warriors
  5 ice beasts
  2 wasps
  11 wolves
  15 ogres
  A necrophage (D:11)
  4 centaurs
  3 big kobolds
  15 crocodiles
  2 komodo dragon zombies (Lair:3)
  2 wyvern zombies
  11 giant frogs
  A hexer (Lair:5)
  6 scorpions
  4 wights
  17 killer bees
  5 electric eels
  6 crimson imps
  A centaur zombie (D:8)
  2 giant frog zombies
  11 hounds
  3 quasits
  4 jellies
  2 giant frog skeletons
  16 orc priests
  A gnoll shaman (D:8)
  20 orc wizards
  14 iguanas
  Ijyb (D:3)
  10 worker ants
  22 sheep
  4 worker ant zombies
  9 gnolls
  7 adders
  69 river rats
  A shadow imp (D:12)
  2 adder skeletons (D:4)
  3 worms
  A dart slug (D:3)
  4 giant geckos
  53 orcs
  7 giant cockroaches
  9 hobgoblins
  15 jackals
  4 quokkas
  2 ball pythons
  4 bats
  3 giant gecko skeletons
  4 giant newts
  6 goblins
  A jackal skeleton (D:6)
  15 kobolds
  5 rats
  13 fungi
  8 plants
665 creatures vanquished.

Vanquished Creatures (collateral kills)
  A hydra (Lair:4)
  2 death yaks (Lair:8)
  A salamander (Volcano)
  A cyclops (D:13)
  A black mamba (Lair:7)
  A spiny frog (Lair:8)
  3 komodo dragons
  2 trolls
  2 blink frogs (Lair:1)
  2 two-headed ogres (Volcano)
  A slime creature (D:13)
  A wyvern (Volcano)
  10 yaks
  A human (D:12)
  2 basilisks
  3 hippogriffs
  A swamp worm (Lair:6)
  2 mottled dragons
  4 water moccasins
  A porcupine (Lair:5)
  2 orc warriors
  3 sky beasts
  2 wolves
  2 centaurs
  An ogre (Volcano)
  6 crocodiles
  4 giant frogs
  A wyvern skeleton (D:12)
  A scorpion (D:9)
  5 killer bees
  4 wights
  2 electric eels
  2 crimson imps
  A basilisk zombie (Lair:3)
  A giant frog zombie (D:12)
  2 centaur skeletons
  A gnoll shaman (Orc:1)
  2 orc priests
  A giant frog skeleton (D:12)
  A hound (D:8)
  4 orc wizards
  2 iguanas
  A sheep (Lair:7)
  A hound zombie (D:7)
  A worker ant zombie (D:9)
  A howler monkey skeleton (D:9)
  3 gnolls
  An adder (D:8)
  16 river rats
  A giant gecko (D:9)
  9 orcs
  4 kobolds (D:8)
  A butterfly (Lair:2)
  A fungus (Lair:8)
  A plant (Lair:7)
133 creatures vanquished.

Vanquished Creatures (others)
  3 steam dragons (Volcano)
  17 hexers
  2 ancestors
  A river rat (Lair:3)
  A quokka (D:8)
  34 fungi
  56 plants
  19 spectral weapons
133 creatures vanquished.

Grand Total: 931 creatures vanquished

Notes
Turn   | Place    | Note
--------------------------------------------------------------
     0 | D:1      | shklvsk the Merfolk Skald began the quest for the Orb.
     0 | D:1      | Reached XP level 1. HP: 16/16 MP: 3/3
    10 | D:1      | HP: 3/16 [kobold/stone (2)]
   380 | D:1      | Reached XP level 2. HP: 22/22 MP: 5/5
   537 | D:1      | Reached skill level 1 in Stealth
   541 | D:1      | Learned a level 2 spell: Shroud of Golubria
   949 | D:2      | Reached skill level 4 in Polearms
  1230 | D:2      | Reached XP level 3. HP: 24/27 MP: 1/6
  1755 | D:3      | Learned a level 3 spell: Spectral Weapon
  1777 | D:3      | Reached skill level 5 in Polearms
  1868 | D:3      | Reached skill level 2 in Stealth
  1868 | D:3      | Reached XP level 4. HP: 32/33 MP: 0/7
  2229 | D:3      | Noticed Ijyb
  2243 | D:3      | Killed Ijyb
  2419 | D:4      | Reached skill level 1 in Evocations
  2445 | D:4      | Reached XP level 5. HP: 38/38 MP: 4/8
  2544 | D:4      | Reached skill level 1 in Hexes
  2613 | D:4      | Reached skill level 6 in Polearms
  2812 | D:4      | Reached skill level 1 in Translocations
  3181 | D:4      | Reached skill level 3 in Stealth
  3181 | D:4      | Reached XP level 6. HP: 44/44 MP: 3/9
  3389 | D:4      | Found a burning altar of Makhleb.
  3389 | D:4      | Found a shadowy altar of Dithmenos.
  3436 | D:4      | Found Oshriffa's Antique Weapon Shop.
  3504 | D:4      | Reached skill level 2 in Evocations
  4040 | D:4      | Reached skill level 7 in Polearms
  4146 | D:4      | Found a deep blue altar of Sif Muna.
  4198 | D:5      | Entered Level 5 of the Dungeon
  4208 | D:5      | Reached skill level 1 in Armour
  4208 | D:5      | Reached skill level 2 in Hexes
  4208 | D:5      | Reached XP level 7. HP: 50/50 MP: 1/10
  4570 | D:5      | Noticed Eustachio
  4940 | D:6      | HP: 10/50 [centaur (8)]
  4950 | D:6      | Reached skill level 4 in Stealth
  5180 | D:6      | Found a glowing golden altar of the Shining One.
  5186 | D:6      | Reached skill level 3 in Evocations
  5245 | D:6      | Reached skill level 8 in Polearms
  5358 | D:6      | Reached XP level 8. HP: 30/56 MP: 0/11
  5559 | D:6      | Found a hazy altar of Hepliaklqana.
  5567 | D:6      | Became a worshipper of Hepliaklqana
  5752 | D:6      | Reached skill level 3 in Hexes
  5754 | D:6      | Reached skill level 9 in Polearms
  5776 | D:6      | Reached skill level 2 in Armour
  5776 | D:6      | Reached skill level 5 in Stealth
  5778 | D:6      | HP: 14/56 [crimson imp (1)]
  6499 | D:7      | Found a staircase to the Ecumenical Temple.
  6592 | D:7      | Reached skill level 4 in Evocations
  6902 | D:7      | Reached skill level 10 in Polearms
  6928 | D:6      | Reached XP level 9. HP: 40/62 MP: 5/12
  7192 | D:7      | Reached skill level 2 in Dodging
  7207 | D:7      | HP: 15/62 [poisoned by a killer bee]
  7212 | D:7      | HP: 12/62 [poisoned by a killer bee]
  7218 | D:7      | HP: 11/62 [poisoned by a killer bee]
  7224 | D:7      | HP: 10/62 [poisoned by a killer bee]
  7232 | D:7      | HP: 9/62 [poisoned by a killer bee]
  7718 | D:7      | Reached * piety under Hepliaklqana
  7923 | Temple   | Entered the Ecumenical Temple
  8012 | D:8      | Reached skill level 3 in Armour
  8153 | D:8      | Found a staircase to the Lair.
  8193 | D:8      | Reached skill level 3 in Fighting
  8193 | D:8      | Reached skill level 3 in Dodging
  8193 | D:8      | Reached skill level 6 in Stealth
  8366 | D:9      | Reached skill level 3 in Spellcasting
  8456 | D:9      | Reached skill level 4 in Charms
  8516 | D:9      | HP: 15/64 [killer bee (5)]
  8842 | D:9      | Found a sacrificial altar of Ru.
  8910 | D:9      | Reached skill level 11 in Polearms
  8910 | D:9      | Reached skill level 5 in Evocations
  9362 | D:9      | Found an ancient bone altar of Kikubaaqudgha.
  9362 | D:9      | Found an oddly glowing altar of Pakellas.
  9405 | D:9      | Learned a level 3 spell: Regeneration
  9443 | D:10     | Entered Level 10 of the Dungeon
  9617 | D:9      | Noticed a troll
  9631 | D:9      | Killed a troll
  9631 | D:9      | Reached XP level 10. HP: 52/71 MP: 3/14
  9884 | D:8      | Reached skill level 4 in Fighting
  9906 | D:8      | Reached skill level 1 in Necromancy
  9970 | D:8      | Found a white marble altar of Elyvilon.
 10005 | D:8      | Reached skill level 4 in Armour
 10037 | D:8      | Reached skill level 4 in Dodging
 10043 | D:8      | Reached ** piety under Hepliaklqana
 10044 | D:8      | Remembered your ancestor Centenhua as a hexer
 10046 | D:8      | Found a large runed door.
 10049 | D:8      | Noticed a five-headed hydra
 10050 | D:8      | Noticed a centaur warrior
 10053 | D:8      | Found a large runed door.
 10834 | D:8      | Killed a centaur warrior
 10834 | D:8      | Reached skill level 12 in Polearms
 10834 | D:8      | Reached skill level 7 in Stealth
 10834 | D:8      | Reached skill level 5 in Charms
 11127 | D:8      | Reached skill level 1 in Axes
 11144 | D:8      | Learned a level 2 spell: Repel Missiles
 11147 | D:8      | Learned a level 2 spell: Swiftness
 11225 | D:8      | Reached skill level 5 in Fighting
 11231 | D:8      | Reached skill level 2 in Necromancy
 11428 | D:8      | Killed a five-headed hydra
 11428 | D:8      | Reached skill level 2 in Axes
 11428 | D:8      | Reached skill level 5 in Dodging
 11428 | D:8      | Reached skill level 1 in Air Magic
 11428 | D:8      | Reached XP level 11. HP: 36/80 MP: 12/15
 11894 | D:10     | Reached skill level 5 in Armour
 13413 | D:11     | Found a staircase to the Orcish Mines.
 13563 | D:11     | Got an ancient rapier
 13564 | D:11     | Identified the +3 rapier of the End of Times {pain, rF+} (You found it on level 11 of the Dungeon)
 14104 | D:11     | Reached *** piety under Hepliaklqana
 14153 | Orc:1    | Entered Level 1 of the Orcish Mines
 14320 | D:12     | Reached skill level 3 in Axes
 14320 | D:12     | Reached skill level 6 in Dodging
 14320 | D:12     | Reached skill level 6 in Charms
 14320 | D:12     | Reached skill level 2 in Air Magic
 14750 | D:12     | Reached skill level 3 in Necromancy
 14784 | D:12     | Reached skill level 6 in Fighting
 14851 | D:12     | Learned a level 2 spell: Song of Slaying
 15230 | D:12     | Noticed a hill giant
 15605 | D:13     | Reached skill level 8 in Stealth
 15947 | D:13     | Noticed a death knight
 15947 | D:13     | Noticed a phantasmal warrior
 15947 | D:13     | Noticed a skeletal warrior
 16167 | D:12     | Reached XP level 12. HP: 81/89 MP: 10/16
 16189 | D:12     | Reached skill level 6 in Armour
 16369 | D:13     | Reached **** piety under Hepliaklqana
 16369 | D:13     | Noticed Nessos
 17041 | D:13     | Noticed Sonja
 17075 | D:12     | Reached skill level 3 in Air Magic
 17206 | Lair:1   | Entered Level 1 of the Lair of Beasts
 17318 | Lair:1   | Reached skill level 1 in Transmutations
 17681 | Lair:1   | Reached skill level 7 in Dodging
 17681 | Lair:1   | Reached skill level 1 in Invocations
 17682 | Lair:1   | Reached skill level 2 in Transmutations
 17937 | Lair:1   | Reached skill level 3 in Transmutations
 18337 | Lair:2   | Reached skill level 7 in Charms
 18408 | Lair:2   | Reached skill level 4 in Axes
 18408 | Lair:2   | Reached skill level 2 in Invocations
 18429 | Lair:2   | Reached skill level 4 in Transmutations
 18452 | Lair:2   | HP: 18/89 [komodo dragon (21)]
 18455 | Lair:2   | HP: 8/89 [komodo dragon (20)]
 18623 | Lair:2   | Reached skill level 5 in Transmutations
 19118 | Lair:3   | Reached skill level 7 in Fighting
 19343 | Lair:3   | Reached skill level 6 in Transmutations
 19349 | Lair:3   | Reached skill level 3 in Invocations
 19349 | Lair:3   | Reached XP level 13. HP: 71/96 MP: 18/18
 19747 | Lair:3   | Reached skill level 7 in Armour
 19765 | Lair:3   | Found a staircase to the Snake Pit.
 19781 | Lair:3   | Reached ***** piety under Hepliaklqana
 20067 | Lair:4   | Reached skill level 4 in Spellcasting
 20264 | Lair:4   | Reached skill level 7 in Transmutations
 20320 | Lair:4   | Noticed Harold
 20349 | Lair:4   | HP: 19/96 [something/bolt of fire (24)]
 20374 | Lair:4   | Killed Harold
 20660 | Lair:4   | Reached skill level 4 in Invocations
 21360 | Lair:4   | Reached skill level 4 in Air Magic
 21895 | Lair:5   | Reached skill level 8 in Dodging
 22341 | Lair:6   | Noticed casual's ghost (journeyman DsFi)
 22672 | Lair:5   | Reached skill level 8 in Transmutations
 22852 | Lair:5   | Reached skill level 9 in Stealth
 23101 | Lair:6   | Reached skill level 5 in Axes
 23419 | Lair:7   | Reached skill level 8 in Charms
 23628 | Lair:7   | Found a dark tunnel.
 23634 | Volcano  | Entered a volcano
 23672 | Volcano  | Reached skill level 5 in Invocations
 23836 | Volcano  | Reached skill level 9 in Transmutations
 24337 | Volcano  | Noticed a fire dragon
 24352 | Volcano  | Killed a fire dragon
 25440 | Lair:4   | Noticed Josephine
 25454 | Lair:4   | Reached XP level 14. HP: 87/104 MP: 14/20
 25529 | Lair:4   | Killed Josephine
 25529 | Lair:4   | Reached skill level 10 in Transmutations
 25665 | Lair:4   | Reached skill level 6 in Invocations
 26449 | Lair:7   | Reached skill level 7 in Axes
 26449 | Lair:7   | Reached XP level 15. HP: 110/110 MP: 22/22
 26543 | Lair:7   | Reached skill level 8 in Fighting
 26569 | Lair:7   | Reached skill level 9 in Dodging
 27371 | Lair:8   | Entered Level 8 of the Lair of Beasts
 27371 | Lair:8   | Found a staircase to the Slime Pits.
 27371 | Lair:8   | Found a viscous altar of Jiyva.
 27784 | Lair:8   | Reached ****** piety under Hepliaklqana
 28002 | Lair:7   | Reached skill level 8 in Axes
 28007 | Lair:7   | Reached skill level 4 in Necromancy
 28007 | Lair:7   | Reached skill level 11 in Transmutations
 28477 | Lair:7   | HP: 24/110 [12-headed hydra (5)]
 28479 | Lair:7   | HP: 10/110 [12-headed hydra (12)]
 28479 | Lair:7   | HP: 3/110 [12-headed hydra (5)]
 28834 | Lair:6   | Upgraded the game from 0.19-a0-503-g45a6586 to 0.19-a0-526-gbe2e51c
 29490 | Lair:8   | Reached skill level 7 in Invocations
 29910 | Lair:8   | HP: 26/110 [death yak (8)]
 29933 | Lair:8   | HP: 23/110 [death yak (9)]
 29940 | Lair:8   | HP: 13/110 [death yak (2)]
 29952 | Lair:7   | HP: 12/110 [porcupine (5)]
 30474 | Lair:8   | HP: 27/110 [death yak (19)]
 30485 | Lair:8   | HP: 22/110 [something (8)]
 31002 | Lair:7   | Reached skill level 12 in Transmutations
 33820 | Lair:8   | Reached skill level 10 in Stealth
 34088 | Lair:6   | Killed casual's ghost
 34263 | Lair:6   | Found a staircase to the Swamp.
 34404 | Lair:6   | Reached skill level 8 in Armour
 34480 | Lair:6   | Reached skill level 13 in Transmutations
 34509 | Lair:6   | Reached skill level 8 in Invocations
 34512 | Lair:6   | Reached skill level 9 in Axes
 35045 | Orc:2    | Entered Level 2 of the Orcish Mines
 35053 | Orc:2    | Reached XP level 16. HP: 88/119 MP: 21/23
 35431 | Orc:1    | Found Ivaiwkab's Antique Armour Boutique.
 35460 | Orc:1    | Bought a twisted cloak for 294 gold pieces
 35470 | Orc:1    | Identified the +3 cloak "Guudoan" {MR++ Int-5 Dex+5} (You bought it in a shop on level 1 of the Orcish Mines)
 35473 | Orc:1    | Bought a pair of embroidered gloves for 139 gold pieces
 35473 | Orc:1    | Bought a glowing helmet for 139 gold pieces
 35473 | Orc:1    | Bought a glowing cloak for 139 gold pieces
 35535 | Orc:1    | Bought a transparent chain mail for 294 gold pieces
 35554 | Orc:1    | Identified the cursed +0 chain mail "Cehoulil" {rN+ rCorr} (You bought it in a shop on level 1 of the Orcish Mines)
 36082 | Orc:2    | Found Houtyom's Gadget Boutique.
 36103 | Orc:2    | Paralysed by an orc sorcerer for 5 turns
 36291 | Orc:2    | HP: 23/119 [red devil/demon trident of electrocution[an orc high priest] (11)]
 36292 | Orc:2    | HP: 8/119 [soul eater[an orc high priest] (15)]
 36292 | Orc:2    | Mangled by an ice devil

Vault maps used:
D:1:      dpeg_arrival_shelter
D:3:      uniq_iyjb
D:4:      gammafunk_temple_overflow_statue, led_sif_pool, serial_shops,
          nicolae_shop_trees, hangedman_decor_lopped
D:5:      first_bread, minmay_liquid_box, uniq_eustachio
D:6:      grunt_temple_overflow_open, serial_glass, glass_columns_a,
          glass_columns_b
D:7:      minmay_temple_entry_mist
D:8:      kennysheep_housing_project, elyvilon_altar_4, dpeg_lair_monsters,
          jmf_multi_god_temple2
D:9:      lemuel_coloured_pillars_altar, gammafunk_temple_overflow_wave
D:11:     orc_0_dummy
D:12:     grunt_livestock, serial_bayou_pond_c
D:13:     uniq_sonja, uniq_nessos
Temple:   circular_temple_13
Lair:2:   lemuel_fruit_fields
Lair:3:   pond_and_an_island_with_a_cottage, guppyfry_snake_entry_island,
          grunt_megastairs_5
Lair:4:   infiniplex_staircase_pool, grunt_megastairs_1, uniq_josephine,
          uniq_harold
Lair:5:   small_statue_intersection
Lair:6:   minmay_swamp_entry_worms, infiniplex_staircase_pool_2
Lair:7:   enter_volcano_3, guppyfry_lair_drakes, lemuel_fruit_fields,
          serial_bayou_shore_a
Lair:8:   evilmike_catoblepas_cave, slime_altar_1
Orc:1:    serial_shops, nicolae_shop_waterfront
Orc:2:    st_orc_mages, serial_shops, nicolae_shop_trees, uniq_maurice
Volcano:  pf_volcano_lost_world

Skill      XL: |  1  2  3  4  5  6  7  8  9 10 11 12 13 14 15 |
---------------+----------------------------------------------+-----
Stealth        | 1 2 3 4 5 6 7 8 9 10 | 10.3
Polearms       | 4 5 6 7 8 10 11 12 | 12.1
Evocations     | 1 2 3 4 5 |  5.0
Hexes          | 1 2 3 |  3.6
Translocations | 1 |  1.0
Armour         | 1 2 3 4 5 6 7 8 |  8.0
Dodging        | 3 5 6 7 8 9 |  9.7
Fighting       | 3 5 6 7 8 |  8.9
Spellcasting   | 3 4 |  4.7
Charms         | 4 5 6 7 8 |  8.5
Necromancy     | 2 3 4 |  4.2
Axes           | 2 3 4 5 7 9 |  9.1
Air Magic      | 1 2 3 4 |  4.0
Transmutations | 6 9 10 13 | 13.6
Invocations    | 3 5 6 8 |  8.3
Short Blades   | |  0.5

Action                   |  1- 3 |  4- 6 |  7- 9 | 10-12 | 13-15 | 16-18 || total
-------------------------+-------+-------+-------+-------+-------+-------++-------
Melee: Spear             |   193 |   231 |   598 |   258 |       |       ||  1280
       Hand axe          |       |       |       |   805 |   165 |       ||   970
       Rapier            |       |       |       |    30 |     8 |       ||    38
       Battleaxe         |       |       |       |       |   817 |   119 ||   936
       Tailslap          |       |       |       |       |     4 |       ||     4
Throw: Stone             |       |       |       |       |     1 |       ||     1
 Cast: Infusion          |     7 |    10 |    31 |    29 |    15 |       ||    92
       Shroud of Golubri |       |     6 |    10 |    29 |    22 |       ||    67
       Spectral Weapon   |       |       |     1 |     2 |    30 |       ||    33
       Repel Missiles    |       |       |       |     1 |       |       ||     1
       Regeneration      |       |       |       |       |     5 |     1 ||     6
       Swiftness         |       |       |       |       |     2 |       ||     2
Invok: Recall Ancestor   |       |       |     1 |     1 |    11 |       ||    13
       Ancestor Life: He |       |       |       |     1 |       |       ||     1
       Idealise          |       |       |       |       |     1 |       ||     1
 Abil: Evoke Flight      |       |       |       |       |     1 |       ||     1
       Evoke Invisibilit |       |       |       |       |       |     6 ||     6
       Turn Visible      |       |       |       |       |       |     1 ||     1
Evoke: Wand              |       |       |       |     5 |    14 |       ||    19
       Phial of floods   |       |       |       |       |     1 |       ||     1
  Use: Potion            |       |       |     2 |     6 |     7 |     1 ||    16
       Scroll            |       |       |    21 |    10 |    12 |     1 ||    44
 Stab: Sleeping          |     3 |     3 |     6 |     5 |     9 |     3 ||    29
       Distracted        |       |       |     1 |    15 |    23 |     2 ||    41
       Confused          |       |       |       |    23 |    24 |     2 ||    49
       Paralysed         |       |       |       |     7 |    27 |    15 ||    49
       Petrified         |       |       |       |       |     3 |       ||     3
       Petrifying        |       |       |       |       |     1 |       ||     1
       Invisible         |       |       |       |       |       |    13 ||    13
  Eat: Chunk             |     3 |     9 |    18 |    25 |    38 |     5 ||    98
       Beef jerky        |       |       |     2 |     1 |     1 |       ||     4
       Pizza             |       |       |       |     2 |     3 |     3 ||     8
       Royal jelly       |       |       |       |     2 |     2 |       ||     4
       Bread ration      |       |       |       |     1 |     2 |       ||     3
       Fruit             |       |       |       |     1 |       |       ||     1
Armor: Leather armour    |    40 |    54 |    86 |       |       |       ||   180
       Ice dragon armour |       |       |   161 |   534 |   231 |       ||   926
       Fire dragon armou |       |       |       |       |   330 |    51 ||   381
Dodge: Dodged            |    76 |    85 |   192 |   545 |   749 |    84 ||  1731
       Deflected         |       |       |       |       |     3 |     1 ||     4

Vault maps used:
D:1:      dpeg_arrival_shelter
D:3:      uniq_iyjb
D:4:      gammafunk_temple_overflow_statue, led_sif_pool, serial_shops,
          nicolae_shop_trees, hangedman_decor_lopped
D:5:      first_bread, minmay_liquid_box, uniq_eustachio
D:6:      grunt_temple_overflow_open, serial_glass, glass_columns_a,
          glass_columns_b
D:7:      minmay_temple_entry_mist
D:8:      kennysheep_housing_project, elyvilon_altar_4, dpeg_lair_monsters,
          jmf_multi_god_temple2
D:9:      lemuel_coloured_pillars_altar, gammafunk_temple_overflow_wave
D:11:     orc_0_dummy
D:12:     grunt_livestock, serial_bayou_pond_c
D:13:     uniq_sonja, uniq_nessos
Temple:   circular_temple_13
Lair:2:   lemuel_fruit_fields
Lair:3:   pond_and_an_island_with_a_cottage, guppyfry_snake_entry_island,
          grunt_megastairs_5
Lair:4:   infiniplex_staircase_pool, grunt_megastairs_1, uniq_josephine,
          uniq_harold
Lair:5:   small_statue_intersection
Lair:6:   minmay_swamp_entry_worms, infiniplex_staircase_pool_2
Lair:7:   enter_volcano_3, guppyfry_lair_drakes, lemuel_fruit_fields,
          serial_bayou_shore_a
Lair:8:   evilmike_catoblepas_cave, slime_altar_1
Orc:1:    serial_shops, nicolae_shop_waterfront
Orc:2:    st_orc_mages, serial_shops, nicolae_shop_trees, uniq_maurice
Volcano:  pf_volcano_lost_world

Table legend:
 A = Turns spent in this place as a percentage of turns spent in the entire game.
 B = Non-inter-level travel turns spent in this place as a percentage of non-inter-level travel turns spent in the entire game.
 C = Inter-level travel turns spent in this place as a percentage of turns spent in this place.
 D = Turns resting spent in this place as a percentage of non-inter-level travel turns spent in this place.
 E = Turns spent auto-exploring this place as a percentage of non-inter-level travel turns spent in this place.
 F = Non-inter-level travel turns spent in this place divided by the number of levels of this place that you've seen.
                   A       B       C       D       E      F
               +-------+-------+-------+-------+-------+----------------------
         Total | 100.0 | 100.0 |   0.8 |   6.3 |   5.4 | 391.1
       Dungeon |  47.6 |  47.6 |   0.7 |   6.2 |   6.6 | 358.1
        Temple |   0.1 |   0.1 |  10.0 |   0.0 |  88.9 |   9.0
          Lair |  41.4 |  41.4 |   1.0 |   7.1 |   4.7 | 505.4
  Orcish Mines |   7.1 |   7.2 |   0.4 |   2.1 |   3.0 | 350.0
       Volcano |   3.8 |   3.8 |   0.0 |   6.5 |   0.8 | 370.0
               +-------+-------+-------+-------+-------+----------------------

Table legend:
 A = Kills in this place as a percentage of kills in entire the game.
 B = Kills by you in this place as a percentage of kills by you in the entire game.
 C = Kills by friends in this place as a percentage of kills by friends in the entire game.
 D = Other kills in this place as a percentage of other kills in the entire game.
 E = Experience gained in this place as a percentage of experience gained in the entire game.
 F = Experience gained in this place divided by the number of levels of this place that you have seen.
                   A       B       C       D       E      F
               +-------+-------+-------+-------+-------+----------------------
         Total | 100.0 | 100.0 | 100.0 | 100.0 | 100.0 | 3997.7
       Dungeon |  43.9 |  44.7 |  42.3 |   0.0 |  21.3 | 1639.1
          Lair |  42.5 |  41.7 |  43.8 |  85.7 |  66.3 | 8281.4
  Orcish Mines |  10.2 |  10.5 |   9.2 |   0.0 |   6.4 | 3216.5
       Volcano |   3.5 |   3.1 |   4.6 |  14.3 |   6.0 | 5950.0
               +-------+-------+-------+-------+-------+----------------------
